 Dungeon Crawl Stone Soup version bcrawl-1.21.2-20-g6d45ba5942 (webtiles) character file.

Game seed: 13653226308687226075

884 MisterOstroum the Chiller (level 8, 42/42 HPs)
             Began as a Felid Wanderer on Feb 26, 2020.
             Was a Believer of Sif Muna.
             Quit the game on level 9 of the Dungeon on Feb 29, 2020.
             The game lasted 00:42:10 (15326 turns).

MisterOstroum the Chiller (Felid Wanderer)         Turns: 15326, Time: 00:42:11

Health: 42/42      AC:  2    Str:  8    XL:     8   Next: 5%
Magic:  16/16      EV: 18    Int: 15    God:    Sif Muna [**....]
Gold:   1083       SH:  0    Dex: 18    Spells: 2/17 levels left
                                        Lives:  0   Deaths: 3

rFire    x . .     SeeInvis +     - Unarmed
rCold    + . .     Gourm    .   (shield unavailable)
rNeg     . . .     Faith    .   (armour unavailable)
rPois    .         Spirit   .   (helmet unavailable)
rElec    .         Reflect  .   (cloak restricted)
rCorr    .         Harm     .   (gloves unavailable)
MR       +....                  (boots unavailable)
Stlth    ++++......             n - amulet of magic regeneration
HPRegen  0.14/turn              B - ring of ice
MPRegen  0.40/turn              (no ring)

@: divine energy, quick
A: very small, no armour, no weapons or thrown items, stealth, claws 1, fangs 3,
see invisible, carnivore, speed 1, shaggy fur 2, slow metabolism 1, sharp paws
a: Stop Divine Energy, Renounce Religion


You were on level 9 of the Dungeon.
You worshipped Sif Muna.
Sif Muna was pleased with you.
You were not hungry.

You visited 2 branches of the dungeon, and saw 10 of its levels.
You also visited: Sewer and Ossuary.

You collected 1083 gold pieces.

Inventory:

Jewellery
 k - an uncursed ring of fire
 n - an amulet of magic regeneration (around neck)
 B - a ring of ice (left paw)
Wands
 u - a wand of scattershot (2)
 y - a wand of random effects (9)
 z - a wand of flame (17)
Scrolls
 c - a scroll of blinking {unknown}
 d - a scroll of magic mapping {@r5 !r}
 f - 7 scrolls of remove curse {@r2}
 h - 4 scrolls of amnesia
 i - a scroll of fog {!r}
 l - 9 scrolls of teleportation {@r3 !r}
 p - 6 scrolls of identify {@r1}
 s - 2 scrolls of immolation {unknown}
 v - 2 scrolls of enchant armour
 C - a scroll of silence {unknown}
Potions
 a - 3 potions of mutation {unknown}
 b - 2 potions of berserk rage
 g - 6 potions of flight
 j - 6 potions of lignification {@q6}
 m - 2 potions of heal wounds {unknown}
 o - 6 potions of curing {@q1 !q}
 q - 2 potions of haste
 r - 4 potions of agility {@q5 !q}
 w - a potion of resistance {unknown}
 x - 2 potions of cancellation {unknown}
Books
 t - a manual of Bows
Comestibles
 e - 13 rations {!d}


   Skills:
 + Level 4.6 Fighting
 + Level 3.1 Dodging
 + Level 7.1 Stealth
 - Level 4.1 Unarmed Combat
 + Level 5.0 Spellcasting
 * Level 6.3 Hexes
 * Level 6.5 Summonings
 - Level 7.3 Ice Magic
   Level 1.0 Air Magic
 - Level 1.1 Evocations


You had 2 spell levels left.
You knew the following spells:

 Your Spells              Type           Power        Failure   Level  Hunger
a - Freeze                Ice            #####.       1%          1    None
b - Throw Frost           Conj/Ice       ###...       2%          2    ##.....
c - Confuse               Hex            ###.....     3%          3    ###....
d - Tukima's Dance        Hex            ###.....     3%          3    ###....
X - Ensorcelled Hibernat  Hex/Ice        #####.       1%          2    ##.....
Z - Summon Ice Beast      Ice/Summ       #####...     10%         4    ####...

Your spell library contained the following spells:

 Spells                   Type           Power        Failure   Level  Hunger
 Corona                   Hex            ###....      1%          1    None
 Summon Small Mammal      Summ           ###.         1%          1    None
 Poisonous Vapours        Pois/Air       #.....       21%         2    ##.....
 Swiftness                Chrm/Air       #.......     21%         2    ##.....
 Ozocubu's Armour         Chrm/Ice       ###.....     11%         3    ###....
 Dazzling Spray           Conj/Hex       ##....       13%         3    ###....
 Summon Mana Viper        Hex/Summ       ###.....     32%         5    ######.
 Throw Icicle             Conj/Ice       ###.....     34%         4    ####...
 Summon Scorpions         Summ/Pois      ##......     38%         4    ####...
 Mephitic Cloud           Conj/Pois/Air  #.......     41%         3    ###....
 Beckoning                Tloc           #.........   43%         3    ###....
 Conjure Flame            Conj/Fire      #.......     43%         3    ###....
 Summon Forest            Summ/Tloc      ##........   75%         5    ######.
 Summon Hydra             Summ           ###.......   86%         6    #######
 Bolt of Cold             Conj/Ice       ###.......   99%         6    #######
 Freezing Cloud           Ice/Air        ###.......   99%         6    #######
 Steam Barrier            Chrm/Fire      #.........   100%        6    #######
 Malign Gateway           Summ/Tloc      ##........   100%        7    #######
 Glaciate                 Conj/Ice/Air   ###.......   100%        8    #######


Dungeon Overview and Level Annotations

Branches:
Dungeon (9/12)             Temple (1/1) D:4             Orc (0/1) D:9
   Lair: D:7-9

Altars:
Ashenzari
Cheibriados
Dithmenos
Elyvilon
Fedhas
Gozag
Hepliaklqana
Kikubaaqudgha
Lugonu
Makhleb
Nemelex Xobeh
Okawaru
Qazlal
Ru
Sif Muna
Trog
Uskayaw
Vehumet
Wu Jian
Xom
Yredelemnul
Zin
The Shining One
Jiyva

Shops:
D:8 (

Annotations:
D:4 Duvessa
D:5 Grinder
D:7 exclusion: 4 wights
D:8 3 runed translucent doors, exclusion: door, yrara's ghost, journeyman DsFi


Innate Abilities, Weirdness & Mutations

You cannot wear almost all types of armour.
You are incapable of wielding weapons or throwing items.
Your paws allow you to move quietly. (Stealth)
You have sharp claws.
You have razor-sharp teeth.
You have supernaturally acute eyesight. (SInv)
You are carnivorous and can eat meat at any time.
You cover ground quickly.
You are covered in thick fur. (AC +2)
You have a slow metabolism.
Your sharp claws are effective at attacking unaware monsters.


Message History

t - Meow!
Orders for allies: a - Attack new target. r - Retreat! s - Stop attacking. g - Guard the area. f - Follow me.
Anything else - Cancel.
You meow for attention!
You hear a shout!
The centaur warrior shoots an arrow.
The arrow hits you! The arrow burns you!
A centaur warrior is nearby!
Unknown command.
Unknown command.
You swap places.
The centaur warrior shoots an arrow.
The arrow hits you! The arrow burns you. What are your orders? t - Meow!
Orders for allies: a - Attack new target. r - Retreat! s - Stop attacking. g - Guard the area. f - Follow me.
Anything else - Cancel.
Gang up on whom?
Press: ? - help, Dir - move target cursor, f - you
Okay, then.
You start resting.
The centaur warrior is too close now for your liking.
What are your orders? t - Meow!
Orders for allies: a - Attack new target. r - Retreat! s - Stop attacking. g - Guard the area. f - Follow me.
Anything else - Cancel.
Gang up on whom?
Press: ? - help, Dir - move target cursor, f - centaur warrior
Aim: a centaur warrior, wielding a +1 shortbow of flaming and quivering 96 arrows Attack!
The centaur warrior shoots an arrow.
The arrow hits your ice beast!! The arrow melts your ice beast!!
Your ice beast dies!
Casting: Summon Ice Beast (safe; 10% risk of failure)
Confirm with . or Enter, or press ? or * to list all spells.
You can't see any susceptible monsters within range! (Use Z to cast anyway.) Unknown command.
The centaur warrior shoots an arrow.
The arrow hits your ice beast! The arrow melts your ice beast!
The centaur warrior shoots an arrow.
The arrow hits your ice beast!! The arrow melts your ice beast.
Your ice beast dies!
Casting: Summon Ice Beast (safe; 10% risk of failure)
Confirm with . or Enter, or press ? or * to list all spells.
Aiming: Confuse (safe; 3% risk of failure)
Press: ? - help, Shift-Dir - straight line, f/p - centaur warrior
Aim: a centaur warrior, wielding a +1 shortbow of flaming and quivering 93 arrows (chance to defeat MR: 34%)
The centaur warrior easily resists.
Casting: Confuse (safe; 3% risk of failure)
Confirm with . or Enter, or press ? or * to list all spells.
You feel a surge of power! A chill wind blows around you.
The centaur warrior shoots an arrow.
The arrow hits you!
* * * LOW HITPOINT WARNING * * *
The arrow burns you.
* * * LOW HITPOINT WARNING * * *
Casting: Summon Ice Beast (safe; 10% risk of failure)
Confirm with . or Enter, or press ? or * to list all spells.
You feel a surge of power!
You miscast Summon Ice Beast.
You are very lightly contaminated with residual magic.
Your paws feel numb with cold.
The centaur warrior shoots an arrow.
The arrow hits you!
You die...
The arrow burns you!
The centaur warrior shoots an arrow.
The arrow hits you! The arrow burns you!
Your ice beast hits the centaur warrior.
Your ice beast freezes the centaur warrior!
You're not done yet!
You are now level 8!
You rejoin the land of the living...
Unknown command.
Unknown command.
No target in view!
No target in view!
No target in view!
No target in view!
The orc shouts!
The orc is too close now for your liking.
An orc is nearby!
There is an open door here.
The orc closely misses you.
You scratch the orc.
The orc is moderately wounded.
The orc barely misses you.
Unknown command.
You claw the orc!
You kill the orc!
Sif Muna accepts your kill.
No target in view!
Casting: Summon Ice Beast (safe; 10% risk of failure)
Confirm with . or Enter, or press ? or * to list all spells.
You can't see any susceptible monsters within range! (Use Z to cast anyway.)
Casting: Summon Ice Beast (safe; 10% risk of failure)
Confirm with . or Enter, or press ? or * to list all spells.
You can't see any susceptible monsters within range! (Use Z to cast anyway.) Unknown command.
Unknown command.
Are you sure you want to abandon this character and quit the game? (Confirm with "yes".)

....### #............. #.†##
#............. 8c8#
#............. #'##
#............. ...
#............. .>
#............. ..
#.###......... ####
#.#.##'####### .#.# .#
#.#...@....... .#.#...#
#.#........... ##.#...#
'.#.....P..... ..)#... .
#....P..PPP. ...#'###..
.....P..P....
..................P.....
.......####.....PP.P.PP.
.......#..#.....PPP####.....
..(....#..####.P...# P......


There were no monsters in sight!

Vanquished Creatures
  A two-headed ogre (D:9)
  Sigmund (D:4)
  2 crocodiles
  2 porcupines (D:9)
  Purgy (D:3)
  3 sky beasts
  2 orc warriors
  An ice beast (D:6)
  A centaur (D:7)
  2 ogres (D:8)
  A big kobold (D:7)
  Blork the orc (D:4)
  A gnoll sergeant (D:4)
  Dowan (D:4)
  5 wights (D:9)
  A bullfrog zombie (D:5)
  2 crimson imps
  A centaur zombie (D:7)
  A hound (D:8)
  2 centaur skeletons
  A jelly (D:5)
  7 orc wizards
  2 orc priests
  A bullfrog skeleton (D:8)
  An iguana (D:6)
  4 worker ants
  A hound zombie (D:3)
  4 mummies (Ossuary)
  9 adders
  A shadow imp (D:4)
  3 oozes
  2 adder zombies
  4 worms
  7 dart slugs
  4 leopard geckos
  27 orcs
  7 ball pythons (D:3)
  4 giant cockroaches
  A goblin (D:1)
  9 hobgoblins
  12 jackals
  4 quokkas
  10 bats
  2 frilled lizards (Sewer)
  2 hobgoblin zombies (Ossuary)
  A jackal skeleton (D:4)
  A jackal zombie (D:5)
  15 kobolds
  3 kobold zombies (Ossuary)
  8 rats
189 creatures vanquished.

Vanquished Creatures (collateral kills)
  A yak (D:9)
  Eustachio (D:5)
  A vampire mosquito (D:4)
  An orc warrior (D:9)
  A black bear (D:9)
  A phantom (D:9)
  An ice beast (D:4)
  4 wights (D:9)
  An orc priest (D:9)
  4 mummies (Ossuary)
  6 orcs
  A jackal (D:4)
  3 hobgoblin zombies (Ossuary)
26 creatures vanquished.

Vanquished Creatures (others)
  2 dancing weapons (D:9)
  An orc wizard (D:9)
  A fungus (D:9)
4 creatures vanquished.

Grand Total: 219 creatures vanquished

Notes
Turn   | Place    | Note
-------+----------+-------------------------------------------
     0 | D:1      | MisterOstroum the Felid Wanderer began the quest for the
                  | Orb.
     0 | D:1      | MisterOstroum set off with the following items: a potion of
                  | berserk rage, a ration {!d}; and the following spell
                  | memorised: Freeze; and the following spells available to
                  | memorise: Throw Frost, Ozocubu's Armour, Summon Ice Beast,
                  | Throw Icicle
     0 | D:1      | Reached XP level 1. HP: 13/13 MP: 2/2
   561 | D:1      | Reached XP level 2. HP: 17/17 MP: 3/3
  1835 | D:2      | Reached XP level 3. HP: 21/21 MP: 4/4
  2147 | D:2      | Reached skill level 1 in Dodging
  2182 | D:2      | Found a sacrificial altar of Ru.
  2191 | D:2      | Became a worshipper of Ru the Awakened
  3093 | D:3      | Found a glowing drain.
  3097 | Sewer    | Entered a sewer
  3200 | Sewer    | Reached XP level 4. HP: 25/25 MP: 5/5
  3205 | Sewer    | Learned a level 2 spell: Throw Frost
  3855 | Sewer    | Reached skill level 5 in Stealth
  4538 | D:3      | Reached XP level 5. HP: 29/29 MP: 5/7
  4538 | D:3      | Noticed Purgy
  5261 | D:4      | Reached skill level 1 in Spellcasting
  5261 | D:4      | Gained mutation: You are covered in thick fur. (AC +2)
                  | [Felid growth]
  5261 | D:4      | Reached XP level 6. HP: 33/33 MP: 8/8
  5261 | D:4      | Noticed a vampire mosquito
  5261 | D:4      | Noticed an ice beast
  5261 | D:4      | Noticed Sigmund
  5291 | D:4      | Reached XP level 7. HP: 26/38 MP: 10/10
  5291 | D:4      | Noticed Duvessa
  5401 | D:4      | Noticed Dowan
  5407 | D:4      | Killed Dowan
  5460 | D:4      | Noticed Blork the orc
  5492 | D:4      | Found a staircase to the Ecumenical Temple.
  5492 | D:4      | Noticed Eustachio
  5585 | D:3      | Killed Purgy
  5655 | D:4      | Killed Sigmund
  5975 | D:4      | Learned a level 4 spell: Summon Ice Beast
  6252 | Temple   | Entered the Ecumenical Temple
  6359 | Temple   | Fell from the grace of Ru
  6359 | Temple   | Became a worshipper of Sif Muna the Loreminder
  6419 | D:4      | Learned a level 3 spell: Ozocubu's Armour
  6826 | D:4      | Killed Blork the orc
  7421 | D:4      | Killed a vampire mosquito
  7625 | D:5      | Entered Level 5 of the Dungeon
  7730 | D:5      | Reached skill level 1 in Summonings
  7730 | D:5      | Noticed Grinder
  8006 | D:5      | Reached XP level 8. HP: 42/42 MP: 13/13
  8043 | D:5      | Killed by miscasting Summon Ice Beast
  8044 | D:5      | Reached XP level 7. HP: -10/38 MP: 9/12
  8884 | D:5      | Reached * piety under Sif Muna
  9234 | D:5      | Found a bloodstained altar of Trog.
  9414 | D:5      | Killed Eustachio
  9948 | D:5      | Found an ornate altar of the Wu Jian Council.
  9981 | D:6      | Identified Zummab's Handbook of the Entourage and the Birds
                  | (Sif Muna gifted it to you on level 6 of the Dungeon)
  9981 | D:6      | Received a gift from Sif Muna
 10462 | D:6      | Reached skill level 5 in Ice Magic
 10462 | D:6      | Reached XP level 8. HP: 42/42 MP: 14/14
 10462 | D:6      | Noticed a troll
 11113 | D:6      | Learned a level 2 spell: Ensorcelled Hibernation
 11150 | D:7      | Reached skill level 1 in Hexes
 11339 | D:7      | Found a sand-covered staircase.
 11344 | Ossuary  | Entered an ossuary
 12079 | D:7      | Found a blossoming altar of Fedhas.
 12947 | D:8      | Found a glowing silver altar of Zin.
 13058 | D:8      | Found a runed translucent gate.
 13060 | D:8      | Found a runed translucent gate.
 13061 | D:8      | Found a runed translucent gate.
 13062 | D:8      | Reached ** piety under Sif Muna
 13064 | D:8      | Noticed a slime creature
 13064 | D:8      | Reached skill level 5 in Summonings
 13064 | D:8      | Reached XP level 9. HP: 46/46 MP: 15/17
 13064 | D:8      | Noticed yrara's ghost (journeyman DsFi)
 13066 | D:8      | Found a viscous altar of Jiyva.
 13477 | D:8      | Reached skill level 5 in Spellcasting
 13584 | D:8      | Found Miwuenwa's Weapon Boutique.
 13979 | D:9      | Identified Sif Muna's Tome of the Congealing Voyage (Sif
                  | Muna gifted it to you on level 9 of the Dungeon)
 13979 | D:9      | Received a gift from Sif Muna
 13979 | D:9      | Reached skill level 5 in Hexes
 14006 | D:9      | Learned a level 3 spell: Confuse
 14033 | D:9      | Learned a level 3 spell: Tukima's Dance
 14609 | D:9      | Noticed a centaur warrior
 15177 | D:9      | Reached XP level 10. HP: 51/51 MP: 18/18
 15177 | D:9      | Noticed a two-headed ogre
 15210 | D:9      | Killed a two-headed ogre
 15224 | D:9      | Found a staircase to the Orcish Mines.
 15227 | D:9      | Shot with an arrow by a centaur warrior
 15228 | D:9      | Reached XP level 9. HP: 0/46 MP: 8/17
 15318 | D:9      | Shot with an arrow by a centaur warrior
 15319 | D:9      | Reached XP level 8. HP: -9/42 MP: 7/16
 15326 | D:9      | Quit the game

Skill      XL: |  1  2  3  4  5  6  7  8  9 |
---------------+----------------------------+-----
Stealth        | 3 4 5 6 7 |  7.1
Dodging        | 1 2 3 |  3.1
Ice Magic      | 2 3 5 6 7 |  7.3
Unarmed Combat | 2 3 4 |  4.1
Spellcasting   | 1 3 4 5 |  5.0
Summonings     | 3 5 6 |  6.5
Hexes          | 4 6 |  6.3
Fighting       | |  4.6
Air Magic      | |  1.0
Evocations     | |  1.1

Action                   |  1- 3 |  4- 6 |  7- 9 | 10-12 || total
-------------------------+-------+-------+-------+-------++-------
Melee: Unarmed           |   110 |    63 |   175 |       ||   348
       Bite              |     6 |     5 |    19 |       ||    30
       Punch             |       |       |     1 |       ||     1
 Cast: Freeze            |    30 |    54 |   105 |       ||   189
       Throw Frost       |       |    31 |   160 |       ||   191
       Summon Ice Beast  |       |       |    50 |     2 ||    52
       Tukima's Dance    |       |       |    10 |     4 ||    14
       Confuse           |       |       |     7 |     3 ||    10
       Ensorcelled Hiber |       |       |     2 |       ||     2
Invok: Divine Energy     |       |       |     1 |       ||     1
  Use: Scroll            |     6 |     3 |     6 |       ||    15
       Potion            |       |     1 |       |       ||     1
 Stab: Sleeping          |    11 |     4 |    16 |       ||    31
       Distracted        |       |       |     1 |       ||     1
       Confused          |       |       |     1 |       ||     1
  Eat: Chunk             |    13 |    10 |    52 |     1 ||    76
Armor: Skin              |    10 |    12 |    12 |       ||    34
Dodge: Dodged            |   102 |    99 |   235 |     3 ||   439
